 Dungeon Crawl Stone Soup version 0.24-a0-619-gb7544fd (console) character file.

Game seed: 3861874091363987333, levelgen mode: deterministic

56 vegansnacktivist the Sneak (level 3, 0/23 HPs)
             Began as an Octopode Transmuter on Sept 16, 2019.
             Succumbed to an adder's poison
             ... on level 4 of the Dungeon.
             The game lasted 00:02:00 (1493 turns).

vegansnacktivist the Sneak (Octopode Transmuter)    Turns: 1493, Time: 00:02:00

Health: 0/23       AC:  1    Str: 11 (12) XL:     3   Next: 95%
Magic:  5/5        EV: 19    Int: 18 (20) God:
Gold:   73         SH:  0    Dex: 16 (17) Spells: 5/6 levels left

rFire    . . .     SeeInvis .     - Unarmed
rCold    . . .     Gourm    .   (no shield)
rNeg     . . .     Faith    .   (helmet restricted)
rPois    .         Spirit   .   (no amulet)
rElec    .         Reflect  .   (no ring)
rCorr    .         Harm     .   (no ring)
MR       .....                  (no ring)
Stlth    +++++.....             (no ring)
HPRegen  0.07/turn              (no ring)
MPRegen  0.09/turn              (no ring)
                                (no ring)
                                (no ring)

@: brilliant, agile, lethally poisoned (0 -> -5), appendage (expiring)
A: almost no armour, stealthy swim, amphibious, 8 rings, constrict 8, tentacle
spike 3, camouflage 1, low mp 1, sense surroundings 1, strong 1, gelatinous body
1
a: End Transformation


You were on level 4 of the Dungeon.
You were hungry.
One of your tentacles had a temporary spike.
You visited 1 branch of the dungeon, and saw 4 of its levels.

You collected 73 gold pieces.

Inventory:

Missiles
 a - 12 arrows
 b - 4 poisoned darts (quivered)
Scrolls
 f - 3 scrolls of enchant armour {unknown}
 g - a scroll of teleportation {unknown}
 h - 3 scrolls of identify {unknown}
 l - a scroll of amnesia {unknown}
 m - a scroll of immolation {unknown}
 n - a scroll of remove curse {unknown}
Potions
 d - a potion of agility
Comestibles
 c - 7 rations


   Skills:
 - Level 1.0 Fighting
 - Level 2.0 Dodging
 + Level 5.0 Stealth
 - Level 3.0 Unarmed Combat
 - Level 2.0 Spellcasting
 - Level 2.0 Transmutations


You had 5 spell levels left.
You knew the following spells:

 Your Spells              Type           Power        Failure   Level  Hunger
a - Beastly Appendage     Tmut           ###...       1%          1    #......

Your spell library contained the following spells:

 Spells                   Type           Power        Failure   Level  Hunger
 Sticks to Snakes         Tmut           ###.....     1%          2    ###....
 Spider Form              Tmut/Pois      ###.......   4%          3    ###....
 Ice Form                 Ice/Tmut       ###.....     13%         4    #####..
 Blade Hands              Tmut           ###.......   22%         5    ######.


Dungeon Overview and Level Annotations

Branches:
Dungeon (4/15)
 Temple: D:4-7

Altars:


Innate Abilities, Weirdness & Mutations

You cannot wear most types of armour.
You are very stealthy in the water. (Stealth+)
You are amphibious.
You can wear up to eight rings at the same time.
You can use your tentacles to constrict eight enemies at once.
Your skin changes colour to match your surroundings (Stealth+).
Your rubbery body absorbs attacks. (AC +1, EV +1)
One of your tentacles bears a large vicious spike.
Your magical capacity is low. (-10% MP)
You passively map a small area around you.
Your muscles are strong. (Str +2)


Message History

You tentacle-slap the adder. You grab the adder.
You pierce the adder.
You kill the adder!
Your Stealth skill increases to level 5!
* * * LOW HITPOINT WARNING * * *
You feel sick.
Found a stone staircase leading down.
* * * LOW HITPOINT WARNING * * *
You feel sick.
* * * LOW HITPOINT WARNING * * *
You feel sick.
Your transformation is almost over.
* * * LOW HITPOINT WARNING * * *
You feel sick.
There is a stone staircase leading down here.
* * * LOW HITPOINT WARNING * * *
You feel sick.
You climb downwards.
There is a stone staircase leading up here.
Unknown command.
You die...

* , * ,
########,
......# * *
#....#
###.####.<..#
.......@....#
*
............#
*
......#######
*###..., , ,,
#.# * **,,,,
* ... , , ,
..., , * , ..
, ** , ,


There were no monsters in sight!

Vanquished Creatures
  An adder (D:3)
  3 oozes
  A dart slug (D:1)
  A leopard gecko (D:1)
  A bat (D:2)
  4 goblins (D:1)
  6 hobgoblins
  5 kobolds (D:1)
  5 frilled lizards
  4 rats (D:1)
31 creatures vanquished.

Notes
Turn   | Place    | Note
-------+----------+-------------------------------------------
     0 | D:1      | vegansnacktivist the Octopode Transmuter began the quest
                  | for the Orb.
     0 | D:1      | Reached XP level 1. HP: 13/13 MP: 3/3
   215 | D:1      | Reached skill level 1 in Stealth
   225 | D:1      | Reached skill level 2 in Stealth
   435 | D:1      | Reached XP level 2. HP: 18/18 MP: 5/5
   516 | D:1      | Reached skill level 3 in Stealth
   716 | D:1      | Reached XP level 3. HP: 17/23 MP: 6/6
   830 | D:1      | Reached skill level 4 in Stealth
  1472 | D:3      | Gained mutation: Your magical capacity is low. (-10% MP)
                  | [potion of mutation]
  1472 | D:3      | Gained mutation: You passively map a small area around you.
                  | [potion of mutation]
  1472 | D:3      | Gained mutation: Your muscles are strong. (Str +2) [potion
                  | of mutation]
  1472 | D:3      | HP: 1/23 [adder (4)]
  1482 | D:3      | Reached skill level 5 in Stealth
  1488 | D:3      | HP: 1/23 [poisoned by an adder]
  1493 | D:4      | Succumbed to an adder's poison

Levels and vault maps discovered:
D:1:      dpeg_arrival_chase, layout_basic
D:2:      layout_basic
D:3:      layout_loops_ring, gammafunk_ghost_mausoleum, uniq_grinder,
          uniq_sigmund
D:4:      layout_basic, lemuel_round_altar, uniq_menkaure

Skill      XL: |  1  2  3 |
---------------+----------+-----
Stealth        | 2 3 5 |  5.0
Fighting       | |  1.0
Dodging        | |  2.0
Unarmed Combat | |  3.0
Spellcasting   | |  2.0
Transmutations | |  2.0

Action                   || total
-------------------------++-------
Melee: Unarmed           ||    65
       Constrict         ||    14
       Tentacles         ||    11
       Kick              ||     2
 Cast: Beastly Appendage ||     2
  Use: Potion            ||     5
 Stab: Sleeping          ||    10
  Eat: Chunk             ||     1
Armor: Skin              ||     3
Dodge: Dodged            ||    43

Table legend:
 A = Non-vault XP
 B = Vault XP
 C = Vault XP percentage of total XP
 D = Non-vault monster count
 E = Vault monster count
 F = Vault count percentage of total count
                 A         B        C        D         E       F
            +---------+---------+-------+---------+---------+-------
      Total |      80 |       0 |   0.0 |      31 |       0 |   0.0
            +---------+---------+-------+---------+---------+-------
        D:1 |      52 |       0 |   0.0 |      24 |       0 |   0.0
        D:2 |      14 |       0 |   0.0 |       6 |       0 |   0.0
        D:3 |      14 |       0 |   0.0 |       1 |       0 |   0.0
            +---------+---------+-------+---------+---------+-------
